 Dungeon Crawl Stone Soup version 0.29-a0-1033-gb6c65ffae6 (webtiles) character file.

Game seed: 6153291310547936231

1808 Zonian the Grave Robber (level 8, 0/52 HPs)
             Began as a Demonspawn Necromancer on Aug 14, 2022.
             Succumbed to a guardian serpent's bolt of poison
             ... on level 5 of the Dungeon.
             The game lasted 00:20:48 (5134 turns).

Zonian the Grave Robber (Demonspawn Necromancer)    Turns: 5134, Time: 00:20:48

Health: 0/52       AC:  6    Str: 10    XL:     8   Next: 84%
Magic:  25/25      EV: 14    Int: 18    God:
Gold:   90         SH:  0    Dex: 13    Spells: 14/18 levels left

rFire   . . .      SeeInvis .   o - +2 dagger (venom)
rCold   . . .      Faith    .   (no shield)
rNeg    . . .      Spirit   .   a - +1 robe
rPois   .          Reflect  .   (no helmet)
rElec   .          Harm     .   (no cloak)
rCorr   .          Rampage  .   x - +0 pair of gloves
Will    .....                   (no boots)
Stlth   +++.......              d - amulet of magic regeneration
HPRegen 0.17/turn               h - ring of magical power
MPRegen 0.59/turn               (no ring)

@: brilliant, lethally poisoned (0 -> -3)
A: icy blue scales 1, demonic guardian 2, ignite blood 2, weakness stinger 1
a: no special abilities


You were on level 5 of the Dungeon.
You visited 1 branch of the dungeon, and saw 5 of its levels.

You collected 310 gold pieces.
You spent 220 gold pieces at shops.

Inventory:

Hand Weapons
 e - a +0 dagger
 m - a +0 dagger of speed
 o - a +2 dagger of venom (weapon)
 q - a +1 dagger of speed
 t - a +0 sling
 v - a +2 dagger of speed
Missiles
 j - a throwing net
Armour
 a - a +1 robe (worn)
 u - the +0 ring mail "Akhleid" {Int+3}
   (You found it on level 4 of the Dungeon)

   Int:       It affects your intelligence (+3).
 x - a +0 pair of gloves (worn)
Jewellery
 d - an amulet of magic regeneration (around neck)
 h - a ring of magical power (left hand)
Wands
 n - a wand of iceblast (7)
 s - a wand of polymorph (4)
Potions
 b - 2 potions of magic


   Skills:
 + Level 5.5 Dodging
 + Level 5.9 Stealth
 + Level 5.5 Spellcasting
 + Level 7.7 Necromancy


You had 14 spell levels left.
You knew the following spells:

 Your Spells              Type           Power      Damage    Failure   Level
a - Necrotise             Necr           100%       1d9       1%          1
b - Vampiric Draining     Necr           49%        2d9       1%          3

Your spell library contained the following spells:

 Spells                   Type           Power      Damage    Failure   Level
 Animate Dead             Necr           49%        N/A       5%          4
 Foxfire                  Conj/Fire      28%        2x1d5     13%         1
 Agony                    Necr           49%        N/A       14%         5
 Ensorcelled Hibernation  Hex/Ice        14%        N/A       19%         2
 Poisonous Vapours        Pois/Air       14%        N/A       19%         2
 Anguish                  Hex/Necr       14%        N/A       26%         4
 Conjure Flame            Conj/Fire      7%         6-21      36%         3
 Inner Flame              Hex/Fire       7%         N/A       36%         3
 Portal Projectile        Hex/Tloc       14%        N/A       36%         3
 Spider Form              Tmut/Pois      7%         N/A       36%         3
 Tukima's Dance           Hex            7%         N/A       36%         3
 Corpse Rot               Necr/Pois/Air  21%        N/A       41%         4
 Flame Wave               Conj/Fire      7%         2d5       77%         4
 Blade Hands              Tmut           3%         N/A       98%         5
 Conjure Ball Lightning   Conj/Air       3%         3x3d6     100%        6
 Discord                  Hex            3%         N/A       100%        8
 Disjunction              Tloc           3%         N/A       100%        8


Dungeon Overview and Level Annotations

Branches:
Dungeon (5/15)
 Temple: D:4-7

Altars:
Ashenzari
Dithmenos
Gozag

Shops:
D:1 ?=[

Annotations:
D:4 Eustachio


Innate Abilities, Weirdness & Mutations

You are partially covered in icy blue scales. (AC +2)
A demonic guardian rushes to your aid.
Your demonic aura often causes spilled blood to erupt in flames.
You have a small tail.


Message History

You feel very sick.
You aren't carrying any scrolls.
Unknown command.
Press < or > to pray at altars.
This spell is quite dangerous to cast!
Memorise Spider Form, consuming 3 spell levels and leaving 10?
Your memorisation is interrupted.
* * * LOW HITPOINT WARNING * * *
You feel sick.
The guardian serpent casts a spell at you.
You resist with significant effort.
The guardian serpent coils itself and waves its upper body at you.
The bolt of poison misses you.
Your hellwing swoops through the air toward the guardian serpent!
Your hellwing hits the guardian serpent!
Your hellwing hits the guardian serpent but does no damage.
Casting: Necrotise (safe; 1% risk of failure)
Confirm with . or Enter, or press ? or * to list all spells.
Okay, then.
This spell is quite dangerous to cast!
Memorise Spider Form, consuming 3 spell levels and leaving 10?
Your memorisation is interrupted.
* * * LOW HITPOINT WARNING * * *
You feel sick.
The guardian serpent is engulfed in blazing flames.
You kill the guardian serpent!
Okay, then.
Casting: Necrotise (safe; 1% risk of failure)
Confirm with . or Enter, or press ? or * to list all spells.
Okay, then.
You feel clever all of a sudden.
* * * LOW HITPOINT WARNING * * *
You feel sick.
Casting: Necrotise (safe; 1% risk of failure)
Confirm with . or Enter, or press ? or * to list all spells.
Okay, then.
This spell is quite dangerous to cast!
Memorise Spider Form, consuming 3 spell levels and leaving 11?
Magic restored.
Your memorisation is interrupted.
You die...

..........#!..#...#=..#. #...
....r......#.§§#.§☼#§§§# #...
............#.§§#§§§#☼.. #...
..............§§S§§§§... # #...
...............§§§§§.... .#.#...
................4☼§..............
..............##°§##..... .......
..............#§§≈≈#....# #.#.###
....>.........#§@§§#....# #.#. #
....##........#§§§§#....###.#.###
....##...†....#§§§≈#.(......#....
....#.........######....#########
#..................(........#....
.....#........####......###.#.###
..##...........###......# #.#.# #
. ##........#.##.......###.#.###
#.#[....##.....#.............


You could see a water moccasin (ally target) and a friendly hellwing (summoned).

Vanquished Creatures
  Pikel (D:4)
  A guardian serpent (D:5)
  An ice beast (D:5)
  An orc warrior (D:4)
  A black bear (D:5)
  A lemure (D:4)
  A phantom (D:5)
  2 scorpions (D:5)
  A killer bee (D:5)
  3 hounds
  2 iguanas (D:5)
  3 orc wizards
  Ijyb (D:4)
  11 adders
  A white imp (D:5)
  3 dart slugs
  11 orcs
  4 bats
  7 endoplasms
  2 giant cockroaches
  8 goblins
  6 hobgoblins
  4 quokkas
  5 ball pythons
  3 frilled lizards
  3 kobolds
  7 rats
94 creatures vanquished.

Vanquished Creatures (collateral kills)
  A killer bee (D:5)
  An orc priest (D:4)
  A jelly (D:5)
  An ufetubus (D:5)
  An endoplasm (D:3)
  2 goblins
7 creatures vanquished.

Grand Total: 101 creatures vanquished

Notes
Turn   | Place    | Note
-------+----------+-------------------------------------------
     0 | D:1      | Zonian the Demonspawn Necromancer began the quest for the
                  | Orb.
     0 | D:1      | Reached XP level 1. HP: 13/13 MP: 3/3
   348 | D:1      | Found Bel Raco's Jewellery Boutique.
   382 | D:1      | Found Otur's Magic Scroll Boutique.
   412 | D:1      | Gained mutation: You are partially covered in icy blue
                  | scales. (AC +2) [demonic ancestry]
   412 | D:1      | Reached XP level 2. HP: 16/19 MP: 0/5
   768 | D:1      | Found Enos's Armour Shop.
  1106 | D:1      | Found a broken altar of Ashenzari.
  1171 | D:2      | Gained mutation: Your demonic aura sometimes causes spilled
                  | blood to erupt in flames. [demonic ancestry]
  1171 | D:2      | Reached XP level 3. HP: 24/24 MP: 3/6
  1280 | D:2      | Learned a level 3 spell: Vampiric Draining
  1907 | D:3      | Gained mutation: A weak demonic guardian rushes to your
                  | aid. [demonic ancestry]
  1907 | D:3      | Reached XP level 4. HP: 30/30 MP: 5/7
  2156 | D:3      | Found a shadowy altar of Dithmenos.
  2383 | D:4      | Identified the +0 ring mail "Akhleid" {Int+3}
  2484 | D:4      | Reached skill level 5 in Necromancy
  2895 | D:4      | Gained mutation: You have a small tail. [demonic ancestry]
  2895 | D:4      | Reached XP level 5. HP: 33/35 MP: 9/9
  2934 | D:4      | Noticed a lemure
  3253 | D:1      | Bought a ring of magical power for 220 gold pieces
  3476 | D:4      | Noticed an orc warrior
  3489 | D:4      | Killed an orc warrior
  3501 | D:4      | Gained mutation: A demonic guardian rushes to your aid.
                  | [demonic ancestry]
  3501 | D:4      | Reached XP level 6. HP: 18/41 MP: 10/10
  3732 | D:4      | Noticed Ijyb
  3743 | D:4      | Killed Ijyb
  4050 | D:4      | Noticed Eustachio
  4197 | D:4      | Noticed Pikel
  4224 | D:4      | Killed Pikel
  4225 | D:4      | Reached skill level 6 in Necromancy
  4225 | D:4      | Gained mutation: Your demonic aura often causes spilled
                  | blood to erupt in flames. [demonic ancestry]
  4225 | D:4      | Reached XP level 7. HP: 36/46 MP: 13/13
  4433 | D:5      | Entered Level 5 of the Dungeon
  4769 | D:5      | Reached XP level 8. HP: 50/52 MP: 14/14
  4800 | D:5      | Reached skill level 5 in Stealth
  4911 | D:5      | Reached skill level 7 in Necromancy
  4915 | D:5      | Noticed a two-headed ogre
  4928 | D:5      | Found an opulent altar of Gozag.
  4955 | D:5      | Reached skill level 5 in Spellcasting
  4962 | D:5      | Reached skill level 5 in Dodging
  5125 | D:5      | Noticed a guardian serpent
  5125 | D:5      | a two-headed ogre changed into a guardian serpent
  5132 | D:5      | Killed a guardian serpent
  5133 | D:5      | HP: 1/52 [poisoned by a guardian serpent (bolt of poison)]
  5134 | D:5      | Succumbed to a guardian serpent's bolt of poison

Illustrated notes

Levels and vault maps discovered:
D:1:      sevenhm_arrival_forest_fort_small_6, layout_basic, serial_shops, shop,
          shop, nicolae_shop_statue_plus
D:2:      layout_rooms
D:3:      layout_basic, nicolae_dithmenos_through_a_glass_darkly
D:4:      layout_loops_ring, uniq_ijyb, uniq_eustachio, uniq_pikel
D:5:      cheibrodos_fzero, layout_rooms, general_overflow_altar, serial_rivers,
          chequers_serial_rivers_micro_e, chequers_serial_rivers_large_b,
          chequers_serial_rivers_micro_a, chequers_serial_rivers_room_b,
          chequers_serial_rivers_micro_a, chequers_serial_rivers_marsh,
          minmay_misc_feat_cross

Skill      XL: |  1  2  3  4  5  6  7  8 |
---------------+-------------------------+-----
Stealth        | 2 3 4 5 |  5.9
Dodging        | 2 3 4 5 |  5.5
Necromancy     | 5 6 7 |  7.7
Spellcasting   | 3 4 5 |  5.5

Action                   |  1- 3 |  4- 6 |  7- 9 || total
-------------------------+-------+-------+-------++-------
Melee: Dagger            |    21 |   109 |    58 ||   188
       Tailslap          |       |    12 |     8 ||    20
       Punch             |       |     1 |       ||     1
Throw: Dart              |       |       |     4 ||     4
 Cast: Necrotise         |    58 |    33 |    52 ||   143
       Vampiric Draining |       |     1 |       ||     1
Evoke: Wand              |       |       |     7 ||     7
  Use: Scroll            |       |     8 |     4 ||    12
       Potion            |       |     1 |     6 ||     7
 Stab: Sleeping          |     1 |     3 |       ||     4
Armor: Robe              |    13 |    17 |    27 ||    57
       Skin              |       |       |    37 ||    37
Dodge: Dodged            |    23 |    47 |    60 ||   130

Table legend: (Time is in decaauts)
 A = Elapsed time spent in this place.
 B = Non-inter-level travel time spent in this place.
 C = Inter-level travel time spent in this place.
 D = Time resting spent in this place.
 E = Time spent auto-exploring this place.
 F = Levels seen in this place.
 G = Mean time per level.
                   A        B        C        D        E       F      G
               +--------+--------+--------+--------+--------+-----+--------+
         Total |   5099 |   4860 |    239 |   1437 |   2262 |   5 | 1019.8 |
       Dungeon |   5099 |   4860 |    239 |   1437 |   2262 |   5 | 1019.8 |
               +--------+--------+--------+--------+--------+-----+--------+

Top non-repeatable levels by time:
     D:4: 1762 daAuts
     D:1: 1295 daAuts
     D:5: 695 daAuts
     D:2: 678 daAuts
     D:3: 667 daAuts
